 Dungeon Crawl Stone Soup version 0.28-a0-8-g6e044cfa68 (webtiles) character file.

Game seed: 10729020279538329649

9 bjtr the Conjurer (level 2, 0/20 HPs)
             Began as a Gnoll Conjurer on July 24, 2021.
             Slain by a jackal (3 damage)
             ... on level 1 of the Dungeon.
             The game lasted 00:01:24 (63 turns).

bjtr the Conjurer (Gnoll Conjurer)                    Turns: 63, Time: 00:01:24

Health: 0/20       AC:  2    Str:  6    XL:     2   Next: 16%
Magic:  2/7        EV: 13    Int: 17    God:
Gold:   0          SH:  0    Dex: 10    Spells: 9/10 levels left

rFire   . . .      SeeInvis .   b - +0 hand axe
rCold   . . .      Faith    .   (no shield)
rNeg    . . .      Spirit   .   a - +0 robe
rPois   .          Reflect  .   (no helmet)
rElec   .          Harm     .   (no cloak)
rCorr   .          Rampage  .   (no gloves)
Will    .....                   (no boots)
Stlth   ++........              (no amulet)
HPRegen 0.06/turn               (no ring)
MPRegen 0.10/turn               (no ring)

@: no status effects
A: fangs 1, strong nose, distributed training
a: no special abilities


You were on level 1 of the Dungeon.
You visited 1 branch of the dungeon, and saw 1 of its levels.

Inventory:

Hand Weapons
 b - a +0 hand axe (weapon)
Armour
 a - a +0 robe (worn)


   Skills:
 + Level 0.3 Fighting
 + Level 0.3 Short Blades
 + Level 0.3 Long Blades
 + Level 0.3 Axes
 + Level 0.3 Maces & Flails
 + Level 0.3 Polearms
 + Level 0.3 Staves
 + Level 0.3 Slings
 + Level 0.3 Bows
 + Level 0.3 Crossbows
 + Level 0.3 Throwing
 + Level 0.3 Armour
 + Level 4.4 Dodging
 + Level 4.0 Stealth
 + Level 0.3 Shields
 + Level 0.3 Unarmed Combat
 + Level 4.9 Spellcasting
 + Level 7.0 Conjurations
 + Level 0.2 Hexes
 + Level 0.2 Summonings
 + Level 0.2 Necromancy
 + Level 0.2 Translocations
 + Level 0.2 Transmutations
 + Level 0.2 Fire Magic
 + Level 0.2 Ice Magic
 + Level 0.2 Air Magic
 + Level 0.2 Earth Magic
 + Level 0.2 Poison Magic
 + Level 0.4 Invocations
 + Level 0.3 Evocations


You had 9 spell levels left.
You knew the following spells:

 Your Spells              Type           Power      Damage    Failure   Level
a - Magic Dart            Conj           100%       1d8       1%          1

Your spell library contained the following spells:

 Spells                   Type           Power      Damage    Failure   Level
 Searing Ray              Conj           56%        3d5       1%          2
 Dazzling Flash           Conj/Hex       32%        N/A       10%         3
 Fulminant Prism          Conj/Hex       8%         3d7       32%         4
 Iskenderun's Mystic Bla  Conj/Tloc      16%        2d5       32%         4


Dungeon Overview and Level Annotations

Branches:
Dungeon (1/15)

Altars:


Innate Abilities, Weirdness & Mutations

You have very sharp teeth.
Your uncanny sense of smell can sniff out nearby items.
Your experience applies equally to all skills.


Message History

You hit the jackal.
The jackal is lightly wounded.
The jackal bites you but does no damage.
The jackal barely misses you.
Unknown command.
You closely miss the jackal.
The jackal is lightly wounded.
The jackal bites you but does no damage.
Unknown command.
You closely miss the jackal.
The jackal is lightly wounded.
The jackal barely misses you. The jackal closely misses you.
Unknown command.
You hit the jackal.
The jackal is severely wounded.
The jackal closely misses you. The jackal bites you.
* * * LOW HITPOINT WARNING * * *
Unknown command.
You hit the jackal.
The jackal is almost dead.
The jackal barely misses you. The jackal closely misses you.
Unknown command.
Casting: Magic Dart (safe; 1% risk of failure)
Confirm with . or Enter, or press ? or * to list all spells.
Aiming: Magic Dart (safe; 1% risk of failure)
Press: ? - help, Shift-Dir - straight line, f - jackal
Aim: a jackal (100% to hit)
The magic dart hits the jackal.
You kill the jackal!
Unknown command.
The jackal barely misses you.
You closely miss the jackal. The jackal barely misses you.
You hit the jackal.
The jackal is severely wounded.
The jackal misses you. The jackal closely misses you.
Unknown command.
You closely miss the jackal.
The jackal is severely wounded.
The jackal barely misses you. The jackal bites you.
You die...

### ..## ##### ###
###.#####.#.#### #.#
#...†h@........# #.#
#.##.#.#.###.....##.###.#
#..hh...## #............#
######..# ##.#####.###'#
#+ ##.# #.#.#.#
##.##.###÷ #.# #P###.#
##.÷.>÷÷ #.# #P.b.b.P ∆
#÷÷.#÷. #.# ### ###
#÷÷.#÷. #.# #.......
#...#..


You could see a jackal.

Vanquished Creatures
  An endoplasm (D:1)
  6 jackals (D:1)
7 creatures vanquished.

Notes
Turn   | Place    | Note
-------+----------+-------------------------------------------
     0 | D:1      | bjtr the Gnoll Conjurer began the quest for the Orb.
     0 | D:1      | Reached XP level 1. HP: 13/13 MP: 6/6
    52 | D:1      | Reached XP level 2. HP: 3/19 MP: 1/7
    63 | D:1      | Slain by a jackal

Illustrated notes

Levels and vault maps discovered:
D:1:      heliophobic_arrival_battle_scene, layout_loops_corners,
          hellmonk_ecumenical_altar_crossroads, serial_aquarium,
          aquarium_bridge_square [aquarium_subvault_balcony,
          aquarium_subvault_bridge, aquarium_subvault_balcony,
          aquarium_subvault_wall], aquarium_window_2,
          aquarium_window_corridor_3, aquarium_window_fake, aquarium_window_1,
          aquarium_view_2b, aquarium_view_2e, serial_shops, nicolae_shop_trees

Action                   || total
-------------------------++-------
Melee: Hand axe          ||    21
       Bite              ||     2
 Cast: Magic Dart        ||     7
Armor: Robe              ||     4
Dodge: Dodged            ||    27

Table legend: (Time is in decaauts)
 A = Elapsed time spent in this place.
 B = Non-inter-level travel time spent in this place.
 C = Inter-level travel time spent in this place.
 D = Time resting spent in this place.
 E = Time spent auto-exploring this place.
 F = Levels seen in this place.
 G = Mean time per level.
                   A        B        C        D        E       F      G
               +--------+--------+--------+--------+--------+-----+--------+
         Total |     68 |     68 |      0 |      0 |     22 |   1 |   68.0 |
       Dungeon |     68 |     68 |      0 |      0 |     22 |   1 |   68.0 |
               +--------+--------+--------+--------+--------+-----+--------+

Top non-repeatable levels by time:
     D:1: 68 daAuts
